 Dungeon Crawl Stone Soup version 0.28.0-49-g6dfe1f597d (webtiles) character file.

Game seed: 14138108309895762147

116 issech the Cudgeller (level 4, -2/45 HPs)
             Began as a Troll Monk on May 12, 2022.
             Killed from afar by an orc wizard (8 damage)
             ... with a puff of flame
             ... on level 3 of the Dungeon.
             The game lasted 00:04:48 (1940 turns).

issech the Cudgeller (Troll Monk)                   Turns: 1940, Time: 00:04:50

Health: -2/45      AC:  4    Str: 19    XL:     4   Next: 69%
Magic:  3/3        EV: 10    Int:  6    God:
Gold:   80         SH:  0    Dex: 14    Spells: 3/3 levels left

rFire   . . .      SeeInvis .   h - +2 dagger (venom)
rCold   . . .      Faith    .   (no shield)
rNeg    . . .      Spirit   .   b - +0 robe
rPois   .          Reflect  .   (helmet restricted)
rElec   .          Harm     .   (no cloak)
rCorr   .          Rampage  .   (gloves unavailable)
Will    .....                   (boots unavailable)
Stlth   +.........              (no amulet)
HPRegen 0.95/turn               (no ring)
MPRegen 0.08/turn               (no ring)

@: confused
A: large, unfitting armour, claws 3, regeneration 1, shaggy fur 1, tough skin 1
a: no special abilities


You were on level 3 of the Dungeon.
You visited 1 branch of the dungeon, and saw 3 of its levels.

You collected 80 gold pieces.

Inventory:

Hand Weapons
 a - a +0 mace
 h - a +2 dagger of venom (weapon)
Missiles
 e - 80 stones (quivered)
 j - 21 arrows
Armour
 b - a +0 robe (worn)
Scrolls
 c - a scroll of teleportation {unknown}
 d - a scroll of magic mapping {unknown}
 f - a scroll of enchant armour {unknown}
 k - a scroll of brand weapon {unknown}
Potions
 g - a potion of curing {unknown}
 i - a potion of haste {unknown}
 l - a potion of ambrosia {unknown}


   Skills:
 + Level 3.0 Fighting
 + Level 0.9 Short Blades
 + Level 3.6 Maces & Flails
 + Level 0.1 Throwing
 + Level 3.1 Dodging
 + Level 1.1 Stealth


You had 3 spell levels left.
You didn't know any spells.
Your spell library was empty.

Dungeon Overview and Level Annotations

Branches:
Dungeon (3/15)

Altars:


Innate Abilities, Weirdness & Mutations

You are too large for most types of armour.
You have claws for hands.
Your natural rate of healing is unusually fast.
You are covered in fur. (AC +1)
You have tough skin. (AC +1)


Message History

The orc priest is heavily wounded.
The orc hits you with a +0 flail.
You hit the orc priest but do no damage.
The orc priest looks as sick as possible!
The orc priest is heavily wounded.
The orc barely misses you.
You hit the orc priest but do no damage.
The orc priest looks as sick as possible!
The orc priest is severely wounded.
The orc priest invokes the aid of Beogh against you.
Beogh smites you!
You hear some strange, mumbled words.
You are confused.
The orc hits you with a +0 flail.
* * * LOW HITPOINT WARNING * * *
You closely miss the orc priest.
The orc priest is severely wounded.
The orc priest hits you with a +0 dagger.
* * * LOW HITPOINT WARNING * * *
Something hits you but does no damage. The orc hits you with a +0 flail.
* * * LOW HITPOINT WARNING * * *
You closely miss the orc priest.
The orc priest is almost dead.
The orc priest hits you with a +0 dagger.
* * * LOW HITPOINT WARNING * * *
You hear some strange, mumbled words.
You are more confused.
The orc hits you with a +0 flail.
* * * LOW HITPOINT WARNING * * *
Unknown command.
You kill the orc priest!
The orc closely misses you.
Your Fighting skill increases to level 3!
You hit the orc but do no damage.
The orc is poisoned.
The orc hits you with a +0 flail.
* * * LOW HITPOINT WARNING * * *
You hear some strange, mumbled words.
A puff of flame appears from out of thin air!
The puff of flame hits you!
You die...

##...## #..#####. ##.##
#......#. #.# ##.###.#. #.# #.#
#.#) ##+## #.###.#. # ##...##
#....... #. ##.....## #####.##
####.######.......## ##.###.#
#.......##....@....####...#..##
#........'.)){o....'...........
#.#...#.##..)...^..####...#.###
#.. #.###.......## ##.##.# ...
..# ##.....## ####.# #.# .#.#
##)..## . #.# # ....#
####'###.... ..# ## ###
#......{..# ..# #.##.###..# ..#


You could see an orc (very poisoned).

Vanquished Creatures
  An orc priest (D:3)
  2 adders (D:2)
  A dart slug (D:1)
  7 orcs
  2 ball pythons (D:2)
  7 bats
  4 endoplasms
  5 giant cockroaches
  5 goblins
  6 hobgoblins
  4 jackals (D:2)
  2 kobolds
  A quokka (D:2)
  2 frilled lizards
  5 rats
54 creatures vanquished.

Notes
Turn   | Place    | Note
-------+----------+-------------------------------------------
     0 | D:1      | issech the Troll Monk began the quest for the Orb.
     0 | D:1      | Reached XP level 1. HP: 22/22 MP: 0/0
    43 | D:1      | Found a faded altar of an unknown god.
   335 | D:1      | Reached XP level 2. HP: 13/29 MP: 1/1
   989 | D:2      | Reached XP level 3. HP: 32/36 MP: 2/2
  1646 | D:2      | Reached XP level 4. HP: 35/44 MP: 3/3
  1934 | D:3      | HP: 1/44 [orc/+0 flail (5)]
  1940 | D:3      | Killed from afar by an orc wizard

Illustrated notes

Levels and vault maps discovered:
D:1:      psy_arrival_heroes, layout_loops_ring,
          shapermc_ecumenical_altar_mp_highgroup, kennysheep_minor_cross,
          bh_walls_and_bars
D:2:      layout_loops_cross, wad_floor_pattern_untrapped, chequers_avenue
D:3:      layout_loops_corners, lemuel_blue_sif_altar, minmay_misc_feat_ornament

Skill      XL: |  1  2  3  4 |
---------------+-------------+-----
Maces & Flails | 3 |  3.6
Dodging        | 3 |  3.1
Fighting       | 3 |  3.0
Short Blades   | |  0.9
Throwing       | |  0.1
Stealth        | |  1.1

Action                   |  1- 3 |  4- 6 || total
-------------------------+-------+-------++-------
Melee: Mace              |    28 |       ||    28
       Dagger            |    86 |    38 ||   124
Throw: Stone             |       |    14 ||    14
 Stab: Sleeping          |     1 |     1 ||     2
Armor: Robe              |    66 |     6 ||    72
Dodge: Dodged            |    92 |    15 ||   107
